 Dungeon Crawl Stone Soup version 0.19.1-1-g22dce08 (webtiles) character file.

100730 alp the Unseen (level 15, 0/77 HPs)
             Began as a Spriggan Enchanter on Jan 4, 2017.
             Was the Champion of Kikubaaqudgha.
             Killed from afar by a shock serpent (22 damage)
             ... with a bolt of electricity
             ... on level 1 of the Snake Pit on Jan 10, 2017.
             The game lasted 03:18:55 (33717 turns).

alp the Unseen (Spriggan Enchanter)                Turns: 33717, Time: 03:18:55

Health: 0/77       AC:  3    Str:  7    XL:     15   Next: 81%
Magic:  18/32      EV: 35    Int: 21    God:    Kikubaaqudgha [******]
Gold:   2198       SH:  7    Dex: 30    Spells: 4 memorised, 28 levels left

rFire  . . .     SeeInvis +     W - +3 dagger (freeze)
rCold  . . .     Gourm    .     M - +1 robe of Dithmenos's Envy {rPois Regen+ Str+3}
rNeg   . . .     Faith    .     D - +0 buckler
rPois  +         Spirit   .     (helmet restricted)
rElec  .         Reflect  .     (no cloak)
rCorr  .         Harm     .     (gloves unavailable)
MR     ++...                    (boots unavailable)
Stlth  ++++++++..               (no amulet)
                                u - +3 ring of dexterity
                                y - ring "Zaffesua" {Dex+8 Slay+3}

@: very quick
A: unfitting armour, see invisible, herbivore 3, speed 3, slow metabolism 2
a: Receive Corpses, Torment, Renounce Religion


You were on level 1 of the Snake Pit.
You worshipped Kikubaaqudgha.
Kikubaaqudgha was exalted by your worship.
You were not hungry.

You visited 4 branches of the dungeon, and saw 24 of its levels.

You collected 2408 gold pieces.
You spent 210 gold pieces at shops.

Inventory:

Hand Weapons
 w - a +2 hunting sling of freezing
 W - a +3 dagger of freezing (weapon)
Missiles
 g - 149 sling bullets
Armour
 i - a +2 robe of magic resistance
 D - a +0 buckler (worn)
 M - the +1 robe of Dithmenos's Envy (worn) {rPois Regen+ Str+3}
   (You found it on level 9 of the Dungeon)

   It affects your strength (+3).
   It protects you from poison.
   It increases your rate of regeneration.
 N - a +2 robe of fire resistance
Jewellery
 b - an uncursed ring of positive energy
 p - an uncursed ring of protection from cold
 u - a +3 ring of dexterity (right hand)
 y - the ring "Zaffesua" (left hand) {Dex+8 Slay+3}
   (You found it on level 5 of the Lair of Beasts)

   [ring of slaying]

   It affects your dexterity (+8).
   It affects your accuracy and damage with ranged weapons and melee attacks
   (+3).
 K - an uncursed ring of protection from fire
 R - an uncursed ring of ice
Wands
 r - a wand of disintegration (12/24)
 T - a wand of digging (13/24)
Scrolls
 l - 2 scrolls of fear
 m - 9 scrolls of identify
 n - 5 scrolls of recharging
 o - 3 scrolls of fog
 t - 10 scrolls of remove curse
 z - 3 scrolls of teleportation
 A - 3 scrolls of amnesia
 B - 2 scrolls of enchant armour
 O - 3 scrolls of magic mapping
 P - a scroll of holy word
 U - a scroll of enchant weapon
 Z - a scroll of summoning
Potions
 e - 6 potions of curing
 f - 2 potions of cure mutation
 h - 5 potions of might
 k - 4 potions of flight
 s - a potion of resistance
 v - 4 potions of brilliance
 x - a potion of ambrosia
 C - 2 potions of cancellation
 F - 2 potions of mutation
 I - 2 potions of magic
 L - a potion of haste
 Q - 3 potions of agility
Books
 a - Kikubaaqudgha's Guide on Unholy Arts
   (Kikubaaqudgha gifted it to you on level 4 of the Dungeon)

   Spells                             Type                      Level
   a - Animate Skeleton               Necromancy                   1
   b - Corpse Rot                     Necromancy                   2
   c - Sublimation of Blood           Necromancy                   2
   d - Vampiric Draining              Necromancy                   3
   e - Control Undead                 Necromancy                   4
 c - a book of Maledictions

   Spells                             Type                      Level
   a - Corona                         Hexes                        1
   b - Ensorcelled Hibernation        Hexes/Ice                    2
   c - Confuse                        Hexes                        3
   d - Tukima's Dance                 Hexes                        3
   e - Dazzling Spray                 Conjuration/Hexes            3
 q - a Fen Folio

   Spells                             Type                      Level
   a - Corpse Rot                     Necromancy                   2
   b - Stone Arrow                    Conjuration/Earth            3
   c - Leda's Liquefaction            Hexes/Earth                  4
   d - Summon Forest                  Summoning/Translocation      5
   e - Hydra Form                     Transmutation                6
   f - Summon Hydra                   Summoning                    7
 G - a book of Power

   Spells                             Type                      Level
   a - Fulminant Prism                Conjuration/Hexes            4
   b - Iskenderun's Mystic Blast      Conjuration                  4
   c - Venom Bolt                     Conjuration/Poison           5
   d - Bolt of Magma                  Conjuration/Fire/Earth       5
   e - Iron Shot                      Conjuration/Earth            6
   f - Orb of Destruction             Conjuration                  7
   g - Spellforged Servitor           Conjuration/Summoning        7
 J - Kikubaaqudgha's Volume of Unholy Magic
   (Kikubaaqudgha gifted it to you on level 8 of the Dungeon)

   Spells                             Type                      Level
   a - Excruciating Wounds            Charms/Necromancy            5
   b - Cigotuvi's Embrace             Necromancy                   5
   c - Dispel Undead                  Necromancy                   5
   d - Simulacrum                     Ice/Necromancy               6
   e - Death Channel                  Necromancy                   6
 X - a Necronomicon

   Spells                             Type                      Level
   a - Haunt                          Necromancy/Summoning         7
   b - Borgnjor's Revivification      Necromancy                   8
   c - Death's Door                   Charms/Necromancy            8
   d - Infestation                    Necromancy                   8
   e - Necromutation                  Transmutation/Necromancy     8
 Y - a book of Misfortune

   Spells                             Type                      Level
   a - Confusing Touch                Hexes                        1
   b - Confuse                        Hexes                        3
   c - Gell's Gravitas                Hexes/Translocation          3
   d - Petrify                        Transmutation/Earth          4
   e - Metabolic Englaciation         Hexes/Ice                    5
   f - Yara's Violent Unravelling     Hexes/Transmutation          5
Comestibles
 d - 9 bread rations
 H - 26 fruits


   Skills:
 + Level 8.3 Fighting
 + Level 11.1 Short Blades
 + Level 14.4 Dodging
 + Level 19.6 Stealth
 + Level 12.3 Spellcasting
 + Level 15.5 Hexes
 * Level 8.0 Necromancy


You had 28 spell levels left.
You knew the following spells:

 Your Spells              Type           Power        Failure   Level  Hunger
a - Corona                Hex            ######.      0%          1    None
b - Ensorcelled Hibernat  Hex/Ice        #####.       1%          2    None
c - Confuse               Hex            ######..     1%          3    None
d - Control Undead        Necr           #####.....   3%          4    None


Dungeon Overview and Level Annotations

Branches:
Dungeon (15/15)            Temple (0/1) D:6            Lair (6/6) D:8
 Shoals (0/4) Lair:3        Snake (1/4) Lair:3        Slime (0/5) Lair:6
    Orc (2/2) D:11            Elf (0/3) Orc:2        Vaults (0/5) D:13
 Depths (0/5) D:15

Altars:
Ashenzari
Cheibriados
Dithmenos
Fedhas
Gozag
Kikubaaqudgha
Makhleb
Qazlal
Ru
Trog
Xom
Zin
The Shining One
Beogh
Jiyva

Shops:
D:13 !   Orc:2 (}%

Portals:
Pandemonium: Orc:2


Innate Abilities, Weirdness & Mutations

You are very small and have problems with some larger weapons.
You are too small for most types of armour.
You have supernaturally acute eyesight. (SInv)
You are a herbivore.
You cover ground extremely quickly.
You need consume almost no food.


Message History

The shock serpent shoots out a bolt of lightning at you!
The bolt of electricity hits you!
* * * LOW HITPOINT WARNING * * *
You feel much better.
The shock serpent shoots out a bolt of lightning at you!
The bolt of electricity hits you!
* * * LOW HITPOINT WARNING * * *
The naga warrior spits poison at you. The splash of poison hits you!
You resist.
The shock serpent shoots out a bolt of lightning at you!
The bolt of electricity misses you. The shock serpent misses you.
The naga spits poison at you. The splash of poison misses you.
As you read the scroll of fog, it crumbles to dust.
The scroll dissolves into smoke.
The shock serpent completely misses you.
The shock serpent shoots out a bolt of lightning at you!
The bolt of electricity hits you!
You die...
Kikubaaqudgha rasps: "You have failed me!
Welcome... death!"

# ########. #....%..###
###.#.......###
#.##.....§§§..#### .!
.##.......§S§.....# ...
#.......[#§#@....#.#...
........#§S.#§...##..
...........N##N..#.#
............N.S...!#
............#.)..##.N.
....>....#.......# ..
..........)##.....#
.....#.....##.....#
..............N...#


You could see a naga warrior, 2 shock serpents, a black mamba and a naga.

Vanquished Creatures
  Agnes (D:14)
  Louise (D:15)
  The ghost of fatfloppyjuicyveiny the Brawler, a journeyman TrMo of Okawaru (Lair:3)
  A yaktaur captain (D:15)
  A fire dragon (Lair:6)
  An ice dragon (D:13)
  Harold (D:10)
  4 hydras
  A catoblepas (Lair:2)
  An anaconda (Lair:3)
  A death knight (D:14)
  6 centaur warriors
  5 death yaks (Lair:6)
  3 orc high priests (Orc:2)
  A shock serpent (Snake:1)
  Urug (Lair:4)
  Sonja (D:10)
  A soul eater (Orc:2)
  A sun demon (Orc:2)
  2 skeletal warriors (D:14)
  3 unseen horrors
  A gelid demonspawn (Orc:2)
  2 torturous demonspawn (Orc:2)
  A lindwurm (Lair:6)
  Pikel (D:8)
  A naga ritualist (Lair:3)
  6 orc knights (Orc:2)
  7 hill giants
  2 phantasmal warriors
  10 orc sorcerers (Orc:2)
  9 ugly things (D:14)
  A mana viper (Lair:3)
  12 elephants
  A manticore (Lair:3)
  A deep elf mage (D:12)
  6 cyclopes
  2 rust devils (Orc:2)
  A torpor snail (Lair:5)
  2 smoke demons (Orc:2)
  18 black mambas
  3 molten gargoyles (Lair:6)
  7 spiny frogs
  2 gargoyles (D:12)
  2 kobold demonologists (D:13)
  A spiny frog (shapeshifter) (D:13)
  A yaktaur (D:15)
  2 efreet (D:15)
  11 komodo dragons
  A freezing wraith (D:15)
  A red devil (Orc:2)
  7 trolls
  2 hornets
  2 polar bears
  4 two-headed ogres
  28 blink frogs
  8 slime creatures
  A meliai zombie (D:15)
  11 hippogriffs
  9 wyverns
  22 yaks
  9 basilisks
  4 hogs (D:7)
  A human (D:7)
  5 hungry ghosts
  2 steam dragons (Lair:6)
  A wraith (D:14)
  A neqoxec (Orc:2)
  3 wargs (Orc:1)
  A mottled dragon (D:11)
  3 nagas (Snake:1)
  A soldier ant (D:14)
  14 water moccasins
  Duvessa (D:7)
  8 porcupines
  3 hell hounds (Lair:6)
  6 sky beasts
  36 orc warriors
  An ice beast (D:15)
  4 slaves (D:8)
  A hornet zombie (D:15)
  2 eyes of draining
  A black bear (D:10)
  14 ogres
  3 phantoms
  11 wolves
  8 centaurs
  10 crocodiles
  5 big kobolds
  19 bullfrogs
  Dowan (D:7)
  3 scorpions
  8 killer bees
  16 wights
  2 electric eels
  4 howler monkeys
  4 crimson imps
  2 quasits
  6 lava snakes
  A centaur zombie (D:6)
  A jelly (D:8)
  3 bullfrog zombies
  9 hounds
  15 orc wizards
  23 orc priests
  4 bullfrog skeletons
  4 centaur skeletons
  Jessica (D:2)
  3 iguanas
  13 worker ants
  A hound skeleton (D:7)
  2 worker ant zombies
  21 adders
  3 gnolls (D:5)
  5 shadow imps
  An adder zombie (D:6)
  3 adder skeletons
  5 dart slugs
  6 leopard geckos
  92 orcs
  3 ball pythons
  10 bats
  4 giant cockroaches
  7 goblins
  3 hobgoblins
  9 jackals
  25 kobolds
  9 quokkas
  9 frilled lizards
  3 quokka zombies
  6 rats
  A plant (Lair:3)
776 creatures vanquished.

Vanquished Creatures (collateral kills)
  A wyvern (Lair:4)
1 creature vanquished.

Vanquished Creatures (others)
  3 fungi
  5 plants (Lair:3)
8 creatures vanquished.

Grand Total: 785 creatures vanquished

Notes
Turn   | Place    | Note
-------+----------+-------------------------------------------
     0 | D:1      | alp the Spriggan Enchanter began the quest for the Orb.
     0 | D:1      | Reached XP level 1. HP: 9/9 MP: 5/5
     0 | D:1      | Noticed a merfolk zombie
    12 | D:1      | Noticed a minotaur zombie
   255 | D:1      | Reached XP level 2. HP: 13/13 MP: 6/6
   763 | D:1      | Learned a level 2 spell: Ensorcelled Hibernation
  1034 | D:1      | Reached skill level 5 in Stealth
  1183 | D:1      | Reached XP level 3. HP: 17/17 MP: 8/8
  1188 | D:1      | Learned a level 3 spell: Confuse
  1782 | D:2      | Noticed Jessica
  2221 | D:2      | Killed Jessica
  2221 | D:2      | Reached skill level 1 in Fighting
  2221 | D:2      | Reached XP level 4. HP: 12/22 MP: 4/9
  2967 | D:3      | Reached XP level 5. HP: 17/25 MP: 2/10
  3452 | D:3      | Found a glowing silver altar of Zin.
  3615 | D:3      | Reached skill level 6 in Stealth
  3818 | D:3      | Found an ancient bone altar of Kikubaaqudgha.
  3825 | D:3      | Became a worshipper of Kikubaaqudgha
  3890 | D:4      | Reached skill level 5 in Hexes
  4207 | D:4      | Found a stormy altar of Qazlal.
  4207 | D:4      | Found a sacrificial altar of Ru.
  4286 | D:4      | Reached XP level 6. HP: 30/30 MP: 12/12
  4437 | D:4      | Reached skill level 5 in Dodging
  4437 | D:4      | Reached skill level 7 in Stealth
  4494 | D:4      | Reached XP level 7. HP: 33/33 MP: 6/13
  4522 | D:4      | Found a bloodstained altar of Trog.
  4609 | D:4      | Found a burning altar of Makhleb.
  4610 | D:4      | Found a shimmering altar of Xom.
  4722 | D:4      | Found a snail-covered altar of Cheibriados.
  4753 | D:4      | Reached * piety under Kikubaaqudgha
  4753 | D:4      | Identified Kikubaaqudgha's Guide on Unholy Arts (Kikubaaqudgha gifted it to you on level 4 of the Dungeon)
  4753 | D:4      | Received a gift from Kikubaaqudgha
  4957 | D:5      | Entered Level 5 of the Dungeon
  5555 | D:5      | Found a shadowy altar of Dithmenos.
  5556 | D:5      | Found an opulent altar of Gozag.
  5556 | D:5      | Found a glowing golden altar of the Shining One.
  5557 | D:5      | Found a shattered altar of Ashenzari.
  5568 | D:5      | Reached skill level 8 in Stealth
  5868 | D:5      | Reached XP level 8. HP: 36/39 MP: 2/15
  6548 | D:6      | Reached skill level 9 in Stealth
  6628 | D:6      | Found a staircase to the Ecumenical Temple.
  6664 | D:6      | Reached ** piety under Kikubaaqudgha
  7209 | D:6      | Reached skill level 5 in Spellcasting
  7321 | D:7      | Noticed Duvessa
  7322 | D:7      | Noticed Dowan
  7352 | D:7      | Killed Dowan
  7371 | D:7      | Reached skill level 10 in Stealth
  7377 | D:7      | Killed Duvessa
  7595 | D:7      | Reached XP level 9. HP: 44/44 MP: 9/18
  7884 | D:7      | Reached skill level 11 in Stealth
  8073 | D:7      | Reached skill level 5 in Short Blades
  8875 | D:8      | Reached *** piety under Kikubaaqudgha
  8875 | D:8      | Identified Kikubaaqudgha's Volume of Unholy Magic (Kikubaaqudgha gifted it to you on level 8 of the Dungeon)
  8875 | D:8      | Received a gift from Kikubaaqudgha
  8992 | D:8      | Noticed a troll
  9010 | D:8      | Killed a troll
  9389 | D:8      | Reached skill level 12 in Stealth
  9440 | D:8      | Reached XP level 10. HP: 37/49 MP: 3/20
  9557 | D:8      | Found a staircase to the Lair.
  9893 | D:8      | Noticed Pikel
  9940 | D:8      | Killed Pikel
 10161 | D:9      | Got a fabulously ornate robe
 10172 | D:9      | Identified the cursed +1 robe of Dithmenos's Envy {rPois Regen+ Str+3} (You found it on level 9 of the Dungeon)
 10247 | D:9      | Reached skill level 10 in Hexes
 10829 | D:10     | Entered Level 10 of the Dungeon
 10844 | D:10     | Noticed Harold
 10851 | D:10     | Killed Harold
 10851 | D:10     | Reached skill level 13 in Stealth
 10911 | D:10     | Reached **** piety under Kikubaaqudgha
 11309 | D:10     | Noticed Sonja
 11318 | D:10     | Killed Sonja
 11484 | D:10     | Reached XP level 11. HP: 30/54 MP: 10/23
 11567 | D:10     | Noticed a hill giant
 11574 | D:10     | Killed a hill giant
 12178 | D:11     | Found a snail-covered altar of Cheibriados.
 12455 | D:11     | Found a blossoming altar of Fedhas.
 12631 | D:11     | Reached skill level 14 in Stealth
 12920 | D:10     | Reached skill level 5 in Fighting
 13065 | D:11     | Reached ***** piety under Kikubaaqudgha
 13313 | D:11     | Found a staircase to the Orcish Mines.
 13714 | D:12     | Noticed a hill giant
 13724 | D:12     | Killed a hill giant
 13906 | D:12     | Reached skill level 10 in Dodging
 14081 | D:12     | Noticed a deep elf mage
 14089 | D:12     | Killed a deep elf mage
 14580 | D:12     | Reached skill level 15 in Stealth
 15001 | D:12     | Reached XP level 12. HP: 60/60 MP: 8/25
 15500 | D:13     | Noticed an ice dragon
 15515 | D:13     | Killed an ice dragon
 15523 | D:13     | Found a gate to the Vaults.
 15859 | D:13     | Noticed a four-headed hydra
 15865 | D:13     | Killed a four-headed hydra
 15865 | D:13     | Reached skill level 16 in Stealth
 15908 | D:13     | Noticed a centaur warrior
 15920 | D:13     | Killed a centaur warrior
 16353 | D:13     | Noticed a centaur warrior
 16366 | D:13     | Killed a centaur warrior
 16428 | D:13     | Noticed a centaur warrior
 16462 | D:13     | Killed a centaur warrior
 16789 | D:13     | Found Gimmuhiro's Distillery.
 16880 | D:13     | Noticed a six-headed hydra
 16886 | D:13     | Noticed a centaur warrior
 16887 | D:13     | Killed a six-headed hydra
 16892 | D:13     | Killed a centaur warrior
 16892 | D:13     | Reached XP level 13. HP: 65/65 MP: 27/27
 16902 | D:13     | You fall through a shaft for 2 floors!
 16902 | D:15     | Entered Level 15 of the Dungeon
 17269 | D:14     | Reached ****** piety under Kikubaaqudgha
 17280 | D:14     | Reached skill level 17 in Stealth
 17373 | D:14     | Received a gift from Kikubaaqudgha
 17580 | D:14     | Reached skill level 1 in Necromancy
 17617 | D:14     | Noticed Agnes
 17625 | D:14     | Killed Agnes
 17625 | D:14     | Reached skill level 10 in Spellcasting
 18286 | D:15     | Noticed Louise
 18316 | D:15     | Killed Louise
 18743 | Lair:1   | Entered Level 1 of the Lair of Beasts
 18967 | Orc:1    | Entered Level 1 of the Orcish Mines
 18967 | Orc:1    | Found a roughly hewn altar of Beogh.
 19108 | Orc:1    | Found a bloodstained altar of Trog.
 19241 | Orc:2    | Entered Level 2 of the Orcish Mines
 19853 | Orc:2    | Found a staircase to the Elven Halls.
 20134 | Orc:2    | Reached skill level 18 in Stealth
 20434 | Orc:2    | Found Laekalic's Food Shoppe.
 20937 | Orc:2    | Found Degitef's General Store.
 22000 | Orc:2    | Reached XP level 14. HP: 47/72 MP: 16/29
 22148 | Orc:2    | Bought a bread ration for 70 gold pieces
 22148 | Orc:2    | Bought a bread ration for 70 gold pieces
 22148 | Orc:2    | Bought a bread ration for 70 gold pieces
 23081 | Orc:2    | Found Teeryvak's Gadget Shop.
 23081 | Orc:2    | Found Feogug's Antique Weapon Boutique.
 23082 | Orc:2    | Found a one-way gate leading to the halls of Pandemonium.
 23463 | Orc:1    | Reached skill level 10 in Short Blades
 25673 | Lair:3   | Noticed fatfloppyjuicyveiny's ghost (journeyman TrMo)
 25813 | Lair:3   | Killed fatfloppyjuicyveiny's ghost
 25813 | Lair:3   | Reached skill level 5 in Necromancy
 26067 | Lair:3   | Found a staircase to the Shoals.
 26076 | Lair:3   | Reached skill level 19 in Stealth
 26284 | Lair:3   | Found a staircase to the Snake Pit.
 26999 | Lair:4   | Reached skill level 15 in Hexes
 27400 | Lair:4   | Noticed Urug
 27437 | Lair:4   | Killed Urug
 28148 | Lair:4   | Reached XP level 15. HP: 73/77 MP: 14/31
 28296 | Lair:5   | Got a scintillating marble ring
 28303 | Lair:5   | Got a thick robe
 28314 | Lair:5   | Identified the cursed +1 robe "Caevid" {rN+ MR+ Dex-3} (You found it on level 5 of the Lair of Beasts)
 28315 | Lair:5   | Identified the ring "Zaffesua" {Dex+8 Slay+3} (You found it on level 5 of the Lair of Beasts)
 29125 | Lair:6   | Entered Level 6 of the Lair of Beasts
 29917 | Lair:6   | Found a runed door.
 29919 | Lair:6   | Found a viscous altar of Jiyva.
 29922 | Lair:6   | Noticed an acid blob
 29923 | Lair:6   | Found a staircase to the Slime Pits.
 30588 | Lair:6   | Found a large runed door.
 30864 | Lair:6   | Found a large runed door.
 31866 | D:14     | Learned a level 4 spell: Control Undead
 32967 | D:15     | Found a staircase to the Depths.
 33260 | Snake:1  | Entered Level 1 of the Snake Pit
 33717 | Snake:1  | Killed from afar by a shock serpent

Skill      XL: |  1  2  3  4  5  6  7  8  9 10 11 12 13 14 15 |
---------------+----------------------------------------------+-----
Hexes          | 4 5 6 7 9 10 12 13 14 15 | 15.5
Stealth        | 5 6 7 8 10 12 13 15 16 18 19 | 19.6
Spellcasting   | 3 4 5 6 7 8 9 10 11 12 | 12.3
Dodging        | 4 5 6 7 9 10 11 12 13 14 | 14.4
Fighting       | 1 2 3 4 5 6 7 8 |  8.3
Short Blades   | 2 3 4 5 6 7 8 9 10 11 | 11.1
Necromancy     | 2 6 8 |  8.0

Action                   |  1- 3 |  4- 6 |  7- 9 | 10-12 | 13-15 || total
-------------------------+-------+-------+-------+-------+-------++-------
Melee: Dagger            |   158 |   133 |   392 |   552 |  1037 ||  2272
 Fire: Hunting sling     |       |       |     5 |       |     8 ||    13
 Cast: Ensorcelled Hiber |    21 |    24 |     2 |     4 |     2 ||    53
       Confuse           |       |     3 |    69 |   176 |   533 ||   781
       Control Undead    |       |       |       |       |     1 ||     1
       Corona            |       |       |       |       |     1 ||     1
Invok: Receive Necronomi |       |       |       |       |     1 ||     1
Evoke: Wand              |       |       |       |       |     1 ||     1
  Use: Scroll            |     4 |     4 |     1 |    18 |    13 ||    40
       Potion            |     1 |       |       |       |    11 ||    12
 Stab: Sleeping          |    15 |    19 |    25 |    38 |    69 ||   166
       Distracted        |     1 |     1 |     4 |     5 |     6 ||    17
       Confused          |       |     2 |    42 |   107 |   267 ||   418
  Eat: Bread ration      |     1 |       |     1 |       |     3 ||     5
       Pizza             |       |       |     1 |     4 |     2 ||     7
Armor: Robe              |    31 |    12 |    11 |     9 |     6 ||    69
Dodge: Dodged            |   189 |    83 |   194 |   259 |   367 ||  1092
Block: Buckler           |       |    22 |    70 |    73 |   118 ||   283
